 Dungeon Crawl Stone Soup version 0.31-a0-920-g28cbb04a8c (webtiles) character file.

Game seed: 3755368580488468798

28 Azuregosa the Sneak (level 3, 0/26 HPs)
             Began as an Octopode Delver on Oct 17, 2023.
             Succumbed to an adder's poison
             ... on level 5 of the Dungeon.
             The game lasted 00:01:36 (192 turns).

Azuregosa the Sneak (Octopode Delver)                Turns: 192, Time: 00:01:36

Health: 0/26       AC:  1    Str: 11    XL:     3   Next: 12%
Magic:  3/3        EV: 13    Int: 12    God:
Gold:   34         SH:  0    Dex: 15    Spells: 2/2 levels left

rFire   . . .        a - +0 mace
rCold   . . .        (no shield)
rNeg    . . .        (helmet restricted)
rPois   .            (no amulet)
rElec   .            (no ring)
rCorr   .            (no ring)
SInv    .            (no ring)
Will    .....        (no ring)
Stlth   +++++        (no ring)
HPRegen 0.24/turn    (no ring)
MPRegen 0.08/turn    (no ring)
                     (no ring)

%: no passive effects
@: lethally poisoned (0 -> -5)
A: almost no armour, amphibious, 8 rings, camouflage 1, gelatinous body 1,
(nimble swimmer 1), tentacles
a: no special abilities


You were on level 5 of the Dungeon.
You visited 1 branch of the dungeon, and saw 2 of its levels.

You collected 34 gold pieces.

Inventory:

Hand Weapons
 a - a +0 mace (weapon)
Wands
 f - a wand of digging (3)
Scrolls
 b - a scroll of fog
 c - a scroll of revelation
 h - a scroll of torment {unknown}
Potions
 e - a potion of haste
 g - a potion of curing {unknown}


   Skills:
 - Level 3.0 Fighting
 - Level 2.0 Maces & Flails
 - Level 2.0 Dodging
 + Level 7.9 Stealth


You had 2 spell levels left.
You didn't know any spells.
Your spell library was empty.

Dungeon Overview and Level Annotations

Branches:
Dungeon (6/15)
 Temple: D:4-7

Altars:


Innate Abilities, Weirdness & Mutations

You cannot wear most types of armour.
You are amphibious.
You can wear up to eight rings at the same time.
Your skin changes colour to match your surroundings (Stealth+).
Your rubbery body absorbs attacks. (AC +1, EV +1)
((You are camouflaged when in or above water. (Stealth+)))
You have tentacles for arms and can constrict up to eight enemies at once.


Message History

Increase (S)trength, (I)ntelligence, or (D)exterity?
You feel agile. x2
You start resting.
HP restored.
An iguana comes into view.
The iguana hisses angrily.
As you read the scroll of fear, it crumbles to dust.
You assume a fearsome visage.
The iguana looks frightened!
An orc comes into view. It is wielding a +0 short sword.
An orc comes into view. It is wielding a +0 flail.
The orc shouts!
An orc comes into view. It is wielding a +0 hand axe.
The orc hits you with a +0 short sword. The orc attacks as it pursues you!
The orc barely misses you. The orc attacks as it pursues you!
The orc hits you with a +0 short sword. The orc hits you with a +0 short sword.
The orc attacks as it pursues you! The orc closely misses you.
You open the door. The orc hits you with a +0 short sword.
An adder comes into view.
There is an open door here.
The adder hisses angrily.
The adder barely misses you. The adder bites you. The adder closely misses you.
The orc attacks as it pursues you! The orc hits you with a +0 short sword.
* * * LOW HITPOINT WARNING * * *
The adder bites you.
* * * LOW HITPOINT WARNING * * *
The orc attacks as it pursues you! The orc closely misses you.
You open the door.
A hound, a black bear and a quokka come into view.
The adder bites you.
* * * LOW HITPOINT WARNING * * *
The orc hits you with a +0 short sword.
* * * LOW HITPOINT WARNING * * *
The adder bites you.
* * * LOW HITPOINT WARNING * * *
You are lethally poisoned!
The adder poisons you!
There is an open door here.
You die...

....##
#.......##
####..# ##
....#
##......##
### # ...##
#.......# #
#.##
#...###'# ##
###
######..##
#. #....#
##.
+..o.####
#####..
##oS##..##
###..##..
###'@.hh#
#....#..#
##...r#
##....#..#
##..##
#.......##
#+#
#....#..##
#......##.
####..#.##..
#...##..##..
#......##...
######..#...


You could see a black bear (asleep), a hound (asleep), an adder, an orc and a
quokka (asleep).

Vanquished Creatures
  A gnoll (D:5)
  An adder (D:5)
  A shadow imp (D:5)
3 creatures vanquished.

Notes
Turn   | Place    | Note
-------+----------+-------------------------------------------
     0 | D:5      | Azuregosa the Octopode Delver began the quest for the Orb.
     0 | D:5      | Reached XP level 1. HP: 16/16 MP: 1/1
     1 | D:6      | Noticed a gnoll bouda
    13 | D:5      | Reached skill level 7 in Stealth
    13 | D:5      | Reached XP level 2. HP: 21/21 MP: 2/2
    92 | D:5      | Reached XP level 3. HP: 14/26 MP: 3/3
   190 | D:5      | Noticed a black bear
   192 | D:5      | Succumbed to an adder's poison

Illustrated notes

Levels and vault maps discovered:
D:5:      minmay_bubble_buster, layout_cave_pods
D:6:      layout_cave_pools, mainiacjoe_overflow_alcove_1, minivault_26,
          kennysheep_generic_room_3

Skill      XL: |  1 |
---------------+----+-----
Stealth        | 7 |  7.9
Fighting       | |  3.0
Maces & Flails | |  2.0
Dodging        | |  2.0

Action                     || total
---------------------------++-------
  Melee: Mace              ||    11
         Constrict         ||     3
         Tentacles         ||     2
    Use: Scroll            ||     1
 Armour: Skin              ||    15
  Dodge: Dodged            ||    15

Table legend: (Time is in decaauts)
 A = Elapsed time spent in this place.
 B = Non-inter-level travel time spent in this place.
 C = Inter-level travel time spent in this place.
 D = Time resting spent in this place.
 E = Time spent auto-exploring this place.
 F = Levels seen in this place.
 G = Mean time per level.
                   A        B        C        D        E       F      G
               +--------+--------+--------+--------+--------+-----+--------+
         Total |    195 |    195 |      0 |     48 |      0 |   2 |   97.5 |
       Dungeon |    195 |    195 |      0 |     48 |      0 |   2 |   97.5 |
               +--------+--------+--------+--------+--------+-----+--------+

Top non-repeatable levels by time:
     D:5: 188 daAuts
     D:6: 6 daAuts
